Unix NetHack Version 3.7.0-82 Work-in-progress - last build Apr 17 2023 13:15:57 (e853d47aa369caa3f400cfc56ad4c4ae4a18b75a,branch:master). Game began 2023-04-21 17:00:19, ended 2023-04-22 17:53:51. Zega, neutral female gnomish Healer --------- |.......| ----- |.......| ----- 1 ...| |..._...| |... 5---------..-- ---- |.......| ----- --D.--------- |.@.....|...-- --.... | |..%....| | .....-- --...|.......| |....D.%|..45---...... |. ----.---- .| .......---....|.......| 5|...@)%%-@a%..-........ |...%.%.......| ..%.%...%-.....-..._...| |...@..A|....---........ ---.........--- ..%..!.%---....|.......| |.......|.4.-- --...)... -----|----- ....%%.-- --...|.......| 5 ---------.)-- ----|--- .......-- ---%---- --..--------- ..4| |...------- ........--------.%.- |... ----- |...).....| .%.%.....|.%.%..%.... ----- -------...-- ...%.%..--%.%..%.... |....--...%...--.%........ ---...----%----..%..%.... |..................... --------------------- Zega the Medica ossium St:25 Dx:17 Co:18 In:14 Wi:17 Ch:18 Neutral S:1031050 Astral Plane $:0 HP:338(338) Pw:159(159) AC:-33 Xp:16/427896 T:61527 Latest messages: The blue dragon bites the invisible golden naga. The blue dragon hits the invisible golden naga. The blue dragon knocks the invisible golden naga backward with a powerful blow! The invisible golden naga doesn't budge! The blue dragon hits the invisible golden naga. The invisible golden naga is killed! The Angel of Athena swings her long sword at the priest of Poseidon. The Angel of Athena hits the priest of Poseidon. The Angel of Athena swings her long sword at the priest of Poseidon. The Angel of Athena hits the priest of Poseidon. The Angel of Athena hits the priest of Poseidon. The priest of Poseidon swings his mace at the Angel of Athena. The priest of Poseidon hits the Angel of Athena. The priest of Poseidon hits the Angel of Athena. The priestess of Athena zaps a wand of striking! A potion of speed shatters! You smell a peculiar odor... A wand of fire shatters into a thousand pieces! A potion of invisibility shatters! You smell a peculiar odor... Boing! The wand hits the priestess of Athena! The priestess of Athena resists! The priestess of Athena tries to wield a long sword. The priestess of Athena's mace is welded to her hand! There are many objects here. There are several objects here. The Angel of Athena swings her long sword at it. The Angel of Athena hits it. The Angel of Athena swings her long sword at it. The Angel of Athena hits it. The Angel of Athena hits it. It swings its mace at the Angel of Athena. It hits the Angel of Athena. It misses the Angel of Athena. The priestess of Athena picks up a shield of reflection. You hear a rumbling noise. There is a high altar to Hermes (neutral) here. What do you want to sacrifice? [O or ?*] O You offer the Amulet of Yendor to Hermes... An invisible choir sings, and you are bathed in radiance... The voice of Hermes thunders: "Mortal, thou hast done well!" "In return for thy service, I grant thee the gift of Immortality!" You ascend to the status of Demigoddess... Do you want your possessions identified? [ynq] (y) y Do you want to see your attributes? [ynq] (y) y Do you want an account of creatures vanquished? [ynaq] (y) y Do you want a list of species genocided and extinct? [ynq] (y) y Do you want to see your conduct and achievements? [ynq] (y) y Do you want to see the dungeon overview? [ynq] (y) y Inventory: Amulets K - an uncursed amulet of magical breathing j - an uncursed amulet of reflection (being worn) Weapons W - the blessed fireproof +6 Staff of Aesculapius (weapon in hands) Armor Y - a blessed fireproof +4 elven leather helm (being worn) f - an uncursed rustproof +5 pair of gauntlets of power (being worn) Q - a blessed burnt +0 pair of levitation boots M - a blessed fireproof +5 pair of speed boots (being worn) E - a blessed fireproof +4 cloak of protection (being worn) p - a blessed +5 T-shirt with text "Hello, I'm War!" (being worn) o - a blessed +5 gray dragon scale mail (being worn) Comestibles S - a cursed food ration I - an uncursed lizard corpse Scrolls P - an uncursed scroll of light Potions L - an uncursed potion of fruit juice Rings m - an uncursed ring of conflict (on right hand) y - a cursed ring of free action (on left hand) B - an uncursed ring of slow digestion Wands h - a wand of death (2:4) a - a wand of digging (0:6) D - a wand of digging (0:6) d - a wand of digging (0:0) X - a wand of fire (1:4) N - a wand of lightning (0:2) C - a cursed wand of secret door detection (0:7) Z - a wand of slow monster (0:4) T - a wand of striking (0:5) c - a wand of striking (0:0) U - a wand of striking (0:0) n - a wand of teleportation (3:0) t - a wand of teleportation (0:0) R - a wand of teleportation (0:0) V - a wand of teleportation (0:0) Tools i - a blessed bag of holding containing 83 items F - an uncursed oilskin sack containing 2 items e - an uncursed bugle r - the Bell of Opening (0:2) b - an uncursed blindfold g - a magic marker (0:34) k - a magic marker (1:2) l - an uncursed oil lamp (lit) q - an uncursed skeleton key s - a cursed stethoscope z - a blessed +0 unicorn horn named cold/fire/light Contents of the bag of holding: an uncursed amulet of flying an uncursed amulet of life saving an uncursed amulet of life saving an uncursed amulet of magical breathing an uncursed amulet of reflection the rustproof +5 Magicbane an uncursed +0 pair of water walking boots an uncursed banana 18 uncursed food rations 24 uncursed lembas wafers 98 uncursed meatballs 3 uncursed tins of floating eye meat an uncursed lizard corpse 4 uncursed lizard corpses 6 blessed scrolls of blank paper a cursed scroll of blank paper a blessed scroll of charging an uncursed scroll of confuse monster a blessed scroll of earth an uncursed scroll of enchant armor a blessed scroll of enchant weapon 5 blessed scrolls of gold detection 2 uncursed scrolls of gold detection 5 uncursed scrolls of identify 3 blessed scrolls of remove curse 3 uncursed scrolls of remove curse an uncursed scroll of scare monster 2 blessed scrolls of taming 2 uncursed scrolls of taming 4 uncursed scrolls of teleportation 4 cursed scrolls of teleportation an uncursed spellbook of cure sickness a blessed spellbook of extra healing a blessed spellbook of healing a blessed spellbook of stone to flesh an uncursed potion of enlightenment an uncursed potion of fruit juice 4 blessed diluted potions of full healing an uncursed potion of full healing a blessed potion of gain energy 2 uncursed potions of gain energy a blessed potion of healing an uncursed potion of object detection an uncursed potion of restore ability 3 potions of holy water an uncursed ring of cold resistance an uncursed ring of free action an uncursed ring of free action an uncursed ring of polymorph control an uncursed ring of stealth a wand of cold (0:5) a wand of cold (0:4) a wand of death (0:0) a wand of digging (0:7) a wand of digging (0:7) a wand of digging (0:7) a wand of digging (0:6) a wand of digging (0:6) a wand of digging (0:6) a wand of digging (0:5) a wand of digging (0:5) a wand of digging (0:5) a wand of digging (0:4) a wand of digging (0:2) a wand of digging (0:1) a wand of digging (0:0) a wand of digging (0:0) a wand of digging (0:0) a wand of light (0:11) a blessed wand of lightning (0:3) a wand of lightning (0:4) a wand of make invisible (1:6) a wand of make invisible (0:4) a wand of make invisible (0:3) a wand of polymorph (2:0) a wand of sleep (0:7) a wand of speed monster (0:6) a wand of striking (0:0) a wand of striking (0:1) an uncursed magic whistle a thoroughly rusty corroded +0 pick-axe an uncursed towel a blessed +0 unicorn horn Contents of the oilskin sack: a blessed scroll of remove curse a potion of holy water Zega the Healer's attributes: Background: You were a Medica ossium, a level 16 female gnomish Healer. You were neutral, on a mission for Hermes who was opposed by Athena (lawful) and Poseidon (chaotic). You were in the endgame, on the Astral Plane. You entered the dungeon 61527 turns ago. There was a new moon in effect when your adventure ended. You had 427896 experience points, 212104 more were needed to attain level 17. Your score was 1031050 before end-of-game adjustments. Basics: You had all 338 hit points. You had all 159 energy points (spell power). Your armor class was -33. Your wallet was empty. Autopickup was off. Final Characteristics: Your strength was 25 (base:18/47, peak:18/48, innate limit:18/50). Your dexterity was 17 (peak:18, limit:18). Your constitution was 18 (limit:18). Your intelligence was 14 (limit:19). Your wisdom was 17 (peak:18, limit:18). Your charisma was 18 (limit:18). Final Status: You were not hungry. You were unencumbered. You were wielding a quarterstaff. You had expert skill with quarterstaff. Final Attributes: You were piously aligned. You were magic-protected. You were fire resistant. You were cold resistant. You were sleep resistant. You were disintegration resistant. You were shock resistant. You were poison resistant. You were level-drain resistant. You saw invisible. You were warned. You had infravision. You were invisible to others. You aggravated monsters. You caused conflict. You regenerated. You were protected. You were very fast. You had reflection. You had free action. You were unlucky. You survived. Miscellaneous: You disabled loading of bones levels. Total elapsed playing time was 12 hours, 53 minutes and 39 seconds. Major events: Turn 1: Zega the neutral female gnomish Healer entered the dungeon 320: entered the Gnomish Mines 1408: chose a runed dagger to be named "Sting" 1910: attained the rank of Empiric (level 3) 6474: attained the rank of Embalmer (level 6) 10148: was bestowed with Magicbane by Hermes 20055: entered Sokoban 20466: completed 1st Sokoban level 21090: completed 2nd Sokoban level 21499: completed 3rd Sokoban level 22616: read a Discworld novel 23000: attained the rank of Dresser (level 10) 24285: completed 4th Sokoban level 24575: acquired the Sokoban amulet of reflection 24578: made her first wish - "blessed greased fixed +2 gray dragon scale mail", got "a greased gray dragon scale mail" 25838: entered the Bigroom 34913: attained the rank of Medica ossium (level 14) 40032: killed Medusa 41160: wished for "2 holy charging", got "2 scrolls labeled KERNOD WEL" 41161: wished for "cursed marker", got "a magic marker" 41164: wished for "blessed greased bag of holding", got "a greased bag" 42714: wished for "blessed wand of death", got "a forked wand" 42789: found the Staff of Aesculapius on the floor 42819: wished for "blessed wand of death", got "a wand called death" 42820: killed the Cyclops 42827: acquired the Bell of Opening 45303: wished for "marker", got "a magic marker" 47045: acquired the Mines' End luckstone 47772: performed her first genocide (class L) 47793: genocided class h 50483: genocided class ; 50773: genocided energy vortices 51609: entered Gehennom 51818: killed Juiblex 53645: bribed Asmodeus with 333 zorkmids for safe passage 54078: bribed Baalzebub with 47 zorkmids for safe passage 54246: found Sunsword carried by a monster 54748: destroyed Vlad the Impaler 54749: acquired the Candelabrum of Invocation 55850: killed Orcus 57626: killed the Wizard of Yendor 57627: acquired the Book of the Dead 57789: performed the invocation 57897: killed the high priestess of Moloch 57899: acquired The Amulet of Yendor 58619: killed the Wizard of Yendor (2nd time) 59099: killed Yeenoghu 59887: killed the Wizard of Yendor (3rd time) 60017: wished for "marker", got "a magic marker" 61156: entered the Elemental Planes 61156: entered Plane of Earth 61157: killed the Wizard of Yendor (5th time) 61193: entered Plane of Air 61328: entered Plane of Fire 61344: entered Plane of Water 61394: entered the Astral Plane 61410: killed Pestilence 61423: killed Pestilence (2nd time) 61439: found Mjollnir carried by a monster 61443: killed Famine 61479: killed Famine (2nd time) 61489: killed Pestilence (3rd time) 61510: killed Death 61524: killed the high priestess (2nd time) 61527: ascended Vanquished creatures: Orcus Yeenoghu Juiblex the Wizard of Yendor (5 times) Death Pestilence (thrice) Famine (twice) Vlad the Impaler 2 high clerics a mastodon Medusa an Archon 2 iron golems the Cyclops a ki-rin 8 storm giants a titan 2 balrogs 5 purple worms a gray dragon 3 gold dragons 10 silver dragons 5 red dragons 2 white dragons 4 orange dragons 5 black dragons 3 blue dragons 3 green dragons 4 yellow dragons 19 minotaurs 2 jabberwocks 4 baluchitheria 4 Angels 2 demiliches 2 stone golems a master mind flayer 5 Olog-hai 2 Nazgul 8 pit fiends 3 sandestins 2 hell hounds 4 displacer beasts 5 titanotheres 3 trappers a baby red dragon a genetic engineer 6 disenchanters 28 vampire leaders 5 skeletons 2 shopkeepers 7 aligned clerics 6 captains 6 shades a lich 4 water trolls a clay golem 4 nurses 7 ice devils 8 nalfeshnees 6 lurkers above 3 Aleaxes 3 ettins 3 golden nagas 7 black puddings 30 vampires 5 lieutenants a watch captain 35 ghosts a barbarian a tourist 2 queen bees 9 winged gargoyles 10 giant mimics 8 long worms 5 zruties 11 ogre tyrants an ice troll 18 rock trolls 11 umber hulks 8 flesh golems 4 elven monarchs 3 doppelgangers 9 hezrous 9 bone devils 11 large mimics 3 wumpuses 3 fire vortices 4 couatls 13 stalkers 6 air elementals 6 fire elementals an earth elemental 3 water elementals 9 hill giants 6 giant mummies 11 xorns 17 giant zombies 19 elf-nobles 11 sergeants 4 barbed devils 4 vrocks 2 salamanders 16 wargs 2 winter wolves 7 hell hound pups 11 small mimics a glass piercer 5 warhorses 6 steam vortices 12 xans 8 ettin mummies 10 ogre leaders 11 quantum mechanics 27 trolls 2 wood golems 2 erinyes 4 mariliths 5 sharks 2 electric eels 4 gelatinous cubes 3 pyrolisks 6 freezing spheres 10 flaming spheres 8 shocking spheres 3 large cats 10 tigers 3 gargoyles a dwarf ruler 5 tengu 7 ochre jellies 4 leocrottas 7 mountain centaurs 5 stone giants 8 elf mummies 4 human mummies 2 red nagas 4 green slimes 9 pythons 19 pit vipers 5 cobras 50 wraiths 6 carnivorous apes 22 ettin zombies 6 leather golems 10 Grey-elves 49 soldiers 3 watchmen 8 amorous demons 10 horned devils 7 chameleons 4 crocodiles 27 giant beetles 7 quivering blobs 18 cockatrices 3 wolves 12 winter wolf cubs 6 lynxes 4 panthers 94 gremlins 56 leprechauns 3 orc-captains 5 iron piercers 3 mumakil 11 giant spiders 10 scorpions 5 horses 3 baby long worms 12 black lights 15 vampire bats 6 forest centaurs 2 gnome rulers 4 orc mummies 5 dwarf mummies 8 ogres 4 brown puddings 12 rust monsters 15 owlbears 12 yetis 3 gold golems a werewolf 6 Green-elves 10 giant eels 9 lizards 2 chickatrices a dingo 2 dogs 3 housecats 6 jaguars 3 dwarf leaders 4 white unicorns a gray unicorn 4 black unicorns 7 dust vortices 6 ravens 2 plains centaurs 5 gnome mummies 18 snakes 3 apes 32 human zombies 4 rope golems 15 Woodland-elves 50 soldier ants 19 fire ants 13 bugbears 3 imps 7 quasits 7 wood nymphs 5 water nymphs 8 mountain nymphs 9 Mordor orcs 19 Uruk-hai 3 orc shamans 10 rock piercers 7 rock moles 4 ponies 12 fog clouds 16 yellow lights 4 shriekers 13 violet fungi 3 gnome leaders 3 gnomish wizards 7 kobold mummies 9 gray oozes a barrow wight 16 elf zombies 14 ghouls 2 straw golems 3 jellyfish 2 baby crocodiles 43 giant ants 2 little dogs 21 floating eyes 3 kittens 9 dwarves 4 homunculi 8 kobold leaders 3 kobold shamans 26 hill orcs 26 rothes 32 rabid rats 2 centipedes 8 giant bats a Kop Sergeant 7 monkeys 21 orc zombies 17 dwarf zombies 5 wererats 4 werejackals 16 iguanas 81 killer bees 6 acid blobs 14 coyotes 10 gas spores 11 hobbits 5 manes 6 large kobolds 14 hobgoblins 32 giant rats 19 cave spiders 3 brown molds 4 yellow molds 5 green molds 14 gnomes 19 garter snakes 16 gnome zombies 27 geckos 20 jackals 5 foxes 12 kobolds 15 goblins 9 sewer rats 16 grid bugs 4 bats 18 lichens 17 kobold zombies 29 newts 2469 creatures vanquished. Genocided or extinct species: hobbits dwarves bugbears dwarf leaders dwarf rulers mind flayers master mind flayers energy vortices liches demiliches master liches arch-liches erinyes (extinct) jellyfish piranha sharks giant eels electric eels krakens 18 species genocided. 1 species extinct. Voluntary challenges: You read items or engraved 195 times. You engraved Elbereth 30 times. You genocided 18 types of monsters. You used 8 wishes. You did not wish for any artifacts. You did not violate any of the special Sokoban rules. Achievements: You entered the Gnomish Mines. You entered a temple. You attained the rank of Empiric. You entered a shop. You attained the rank of Embalmer. You entered Sokoban. You read from a Discworld novel. You attained the rank of Dresser. You completed Sokoban. You entered the Big Room. You attained the rank of Medica ossium. You defeated Medusa. You had the Bell of Opening. You completed the Gnomish Mines. You entered Gehennom. You handled the Candelabrum of Invocation. You handled the Book of the Dead. You gained access to Moloch's Sanctum. You reached the Elemental Planes. You reached the Astral Plane. You delivered the Amulet of Yendor. You ascended! The Elemental Planes: Astral Plane: <- You are here. Many temples. Plane of Water: Plane of Fire: Plane of Air: Plane of Earth: The Dungeons of Doom: levels 1 to 26 Level 1: An altar to Hermes, some fountains. One way stairs up to The Elemental Planes. Level 2: Stairs down to The Gnomish Mines. Level 3: "v + spellbooks" Some fountains. Level 4: "stash1" A grave. Level 5: "zoo" A fountain. Level 6: A general store. Level 7: An untended shop, some fountains. Level 8: Level 9: "stash2" Many fountains. Oracle of Delphi. Level 10: Some fountains. Stairs up to Sokoban, level 9. Level 11: Many fountains, many trees. A very big room. Level 12: A fountain, a grave. Level 13: Some fountains, a sink. Level 14: "STASH NEW" A temple, a fountain. Level 15: A primitive area. Portal to The Quest. Level 16: A grave. Level 17: A fountain. Level 18: Level 19: A grave. Level 20: Many graves. Level 21: An untended shop, some graves. Level 22: "hive" Level 23: "STASHY" An altar to Hermes, a fountain, a grave. Level 24: Level 25: Level 26: A fountain. The castle. Connection to Gehennom. Gehennom: levels 27 to 50 Level 27: A temple, many graves. Valley of the Dead. Level 28: Level 29: Level 30: Level 31: Level 32: A fountain. Level 33: Level 34: Level 35: Level 36: Level 37: Stairs up to Vlad's Tower, level 36. Level 38: Level 39: Some shops, an altar, many graves. Level 40: Level 41: Level 42: "wiz" Level 43: Level 44: Level 45: Level 46: Level 47: Level 48: "tower" Level 49: Level 50: A temple, many graves. Moloch's Sanctum. The Gnomish Mines: levels 3 to 10 Level 3: Level 4: Level 5: Level 6: Some shops, a temple, some fountains, a sink. Level 7: Level 8: Level 9: Level 10: Some fountains. The Quest: levels 1 to 6 Level 1: An altar to Hermes, a throne. Completed quest for Hippocrates. Level 2: Level 3: A temple. Level 4: Level 5: Level 6: Sokoban: levels 9 up to 6 Level 6: Solved. Level 7: Solved. Level 8: Solved. Level 9: Solved. Vlad's Tower: levels 36 up to 34 Level 34: Level 35: Level 36: Goodbye Zega the Demigoddess... You went to your reward with 2096900 points, Magicbane (worth 3500 zorkmids and 8750 points) The Bell of Opening (worth 5000 zorkmids and 12500 points) The Staff of Aesculapius (worth 5000 zorkmids and 12500 points) 2 amulets of life saving (worth 300 zorkmids), 2 amulets of reflection (worth 300 zorkmids), 2 amulets of magical breathing (worth 300 zorkmids), 1 amulet of flying (worth 150 zorkmids), and 0 pieces of gold, after 61527 moves. You were level 16 with a maximum of 338 hit points when you ascended.